 Dungeon Crawl Stone Soup version 0.20.0-8-g6b59dc7 (webtiles) character file.

216 4thArraOfDagon the Slasher (level 5, 0/39 HPs)
             Began as a Vampire Skald on June 2, 2017.
             Was a Believer of Yredelemnul.
             Killed from afar by an orc wizard (9 damage)
             ... with a magic dart
             ... on level 5 of the Dungeon.
             The game lasted 00:09:59 (1489 turns).

4thArraOfDagon the Slasher (Vampire Skald)          Turns: 1489, Time: 00:10:00

Health: 0/39       AC: 10    Str: 10    XL:     5   Next: 61%
Magic:  17/17      EV: 10    Int: 17    God:    Yredelemnul [**....]
Gold:   114        SH:  0    Dex: 18    Spells: 1/8 levels left

rFire    . . .     SeeInvis +   a - +1 falchion
rCold    . . .     Gourm    .   (no shield)
rNeg     . . .     Faith    .   h - +0 chain mail
rPois    .         Spirit   .   (no helmet)
rElec    .         Reflect  .   (no cloak)
rCorr    .         Harm     .   f - +1 pair of gloves
MR       .....                  (no boots)
Stlth    ..........             (no amulet)
Regen    0.4/turn               r - ring of magical power
MPRegen  0.2/turn               i - +2 ring of slaying

@: agile, regenerating quickly
A: fangs 3, see invisible, unbreathing
a: Animate Remains, Recall Undead Slaves, Injury Mirror, Renounce Religion


You were on level 5 of the Dungeon.
You worshipped Yredelemnul.
Yredelemnul was pleased with you.
You were very full.

You visited 1 branch of the dungeon, and saw 5 of its levels.

You collected 114 gold pieces.

Inventory:

Hand Weapons
 a - a +1 falchion (weapon)
 g - a +0 blowgun
Missiles
 k - 8 poisoned needles
Armour
 b - a +0 leather armour
 f - a +1 pair of gloves (worn)
 h - a +0 chain mail (worn)
Jewellery
 i - a +2 ring of slaying (right hand)
 r - a ring of magical power (left hand)
Scrolls
 e - a scroll of teleportation
 p - a scroll of immolation
 v - a scroll of amnesia
Potions
 d - 7 potions of blood
 j - a potion of mutation {unknown}
 n - 2 potions of agility
 q - a potion of flight {unknown}
 s - a potion of heal wounds {unknown}
 t - a potion of curing {unknown}
 u - a potion of ambrosia {unknown}
Books
 c - a book of Battle

   Spells                             Type                      Level
   a - Infusion                       Charms                       1
   b - Shroud of Golubria             Charms/Translocation         2
   c - Song of Slaying                Charms                       2
   d - Spectral Weapon                Hexes/Charms                 3
   e - Regeneration                   Charms/Necromancy            3
 o - a book of Changes

   Spells                             Type                      Level
   a - Beastly Appendage              Transmutation                1
   b - Sticks to Snakes               Transmutation                2
   c - Spider Form                    Transmutation/Poison         3
   d - Ice Form                       Ice/Transmutation            4
   e - Blade Hands                    Transmutation                5


   Skills:
 + Level 2.6 Fighting
 * Level 3.7 Long Blades
 + Level 1.2 Armour
 + Level 2.9 Dodging
 - Level 2.2 Spellcasting
 - Level 3.4 Charms
 * Level 2.5 Necromancy
 + Level 0.6 Invocations


You had one spell level left.
You knew the following spells:

 Your Spells              Type           Power        Failure   Level  Hunger
a - Infusion              Chrm           ##..         98%         1    #......
b - Regeneration          Chrm/Necr      ##........   100%        3    ###....
c - Spectral Weapon       Hex/Chrm       #.......     100%        3    ###....


Dungeon Overview and Level Annotations

Branches:
Dungeon (5/15)
 Temple: D:4-7

Altars:
Yredelemnul
The Shining One

Annotations:
D:4 MTVSty1e's ghost, amateur GrMo
D:5 Eustachio


Innate Abilities, Weirdness & Mutations

Your natural rate of healing is unusually fast.
You have razor-sharp teeth.
You have supernaturally acute eyesight. (SInv)
You can survive without breathing.


Message History

Found 3 scrolls of teleportation.
Unknown command.
Unknown command.
Unknown command.
Okay, then.
Unknown command.
Unknown command.
Okay, then.
Unknown command.
You feel agile all of a sudden. The ogre barely misses you.
You riposte.
You hit the ogre. You bite the ogre.
The ogre is moderately wounded.
Unknown command.
The orc wizard begins to cast a cantrip, but forgets the words!
Unknown command.
Unknown command.
The orc wizard points at you and mumbles some strange words.
The magic dart hits you!
You die...
Yredelemnul claims you as an undead slave.

.... ...# . #..
.. ## #.. .#. ...
#.##.#. #..
#.##.#..##
##...###5o..#.:.#
...?.....o......#
######.h@....#.#
#O######<.#
#...o.....#
......##########
..../. ......
...... ......
......


You could see an ogre, a hound, an orc wizard, a crimson imp and an orc.

Vanquished Creatures
  2 howler monkeys (D:4)
  A hound (D:4)
  An orc priest (D:4)
  An adder (D:3)
  An ooze (D:1)
  2 worms
  A dart slug (D:1)
  3 leopard geckos
  5 orcs
  5 giant cockroaches
  6 goblins
  3 hobgoblins
  6 jackals
  A quokka (D:2)
  3 ball pythons
  3 bats
  2 frilled lizards
  5 kobolds
  9 rats
60 creatures vanquished.

Notes
Turn   | Place    | Note
-------+----------+-------------------------------------------
     0 | D:1      | 4thArraOfDagon the Vampire Skald began the quest for the Orb.
     0 | D:1      | Reached XP level 1. HP: 16/16 MP: 3/3
   216 | D:1      | Reached XP level 2. HP: 22/22 MP: 5/5
   496 | D:2      | Reached XP level 3. HP: 17/27 MP: 6/6
   501 | D:2      | Learned a level 3 spell: Regeneration
   831 | D:3      | Found a faded altar of an unknown god.
   849 | D:3      | Became a worshipper of Yredelemnul the Dark
   849 | D:3      | Reached * piety under Yredelemnul
   908 | D:3      | Reached skill level 1 in Necromancy
   941 | D:3      | Reached XP level 4. HP: 32/34 MP: 7/7
  1029 | D:3      | Found a glowing golden altar of the Shining One.
  1215 | D:4      | Reached skill level 1 in Armour
  1215 | D:4      | Reached XP level 5. HP: 39/39 MP: 8/8
  1229 | D:3      | Turgon: http://crawl.xtahua.com/crawl/morgue/Turgon/Turgon.txt
  1273 | D:4      | Noticed MTVSty1e's ghost (amateur GrMo)
  1276 | D:3      | Turgon: I even did E:3 which I never did for a very very long time
  1276 | D:3      | Turgon: Just to improve my char
  1276 | D:3      | 4thArraOfDagon: amazing itms
  1294 | D:4      | Turgon: And I found Bloodlust and rings Ev+4 and Ev+5
  1375 | D:4      | Learned a level 3 spell: Spectral Weapon
  1394 | D:4      | Reached ** piety under Yredelemnul
  1478 | D:5      | Entered Level 5 of the Dungeon
  1478 | D:5      | Noticed an ogre
  1486 | D:5      | Noticed Eustachio
  1487 | D:5      | 4thArraOfDagon: RIP
  1487 | D:5      | Turgon: looks bad
  1489 | D:5      | Killed from afar by an orc wizard

Skill      XL: |  1  2  3  4 |
---------------+-------------+-----
Fighting       | 2 |  2.6
Necromancy     | 1 2 |  2.5
Long Blades    | 3 |  3.7
Armour         | 1 |  1.2
Dodging        | |  2.9
Spellcasting   | |  2.2
Charms         | |  3.4
Invocations    | |  0.6

Action                   |  1- 3 |  4- 6 || total
-------------------------+-------+-------++-------
Melee: Falchion          |   148 |    90 ||   238
       Bite              |    16 |     8 ||    24
 Cast: Infusion          |     2 |       ||     2
  Use: Scroll            |     4 |     4 ||     8
       Potion            |       |     3 ||     3
  Eat: Corpse            |    11 |     1 ||    12
Armor: Leather armour    |     6 |       ||     6
       Chain mail        |   110 |    95 ||   205
Dodge: Dodged            |    53 |    27 ||    80
       Rpst.: Falchion   |    20 |     7 ||    27
